TOP OF THE 1ST |
Pennsauken Flyers batting - Pitching for Tremont Doubledays : LHP Alejandro Ramos
|
Pitching: LHP Alejandro Ramos
|
|
Batting: RHB Patrick Eggen
|
0-0: Ball 1-0: Ball 2-0: SOLO HOME RUN (Flyball, 7LD), Distance : 363 ft
|
Batting: RHB Stephen Johnson
|
0-0: Ball 1-0: Called Strike 1-1: Ball 2-1: Swinging Strike 2-2: Foul Ball, location: 2F 2-2: Ball 3-2: Base on Balls
|
Batting: SHB Nuygen Vuong
|
0-0: Ball 1-0: Called Strike Stephen Johnson steals 2nd base 1-1: Ball 2-1: Foul Ball, location: 2F 2-2: Strikes out looking
|
Batting: RHB Artie Miller
|
0-0: Ball 1-0: Swinging Strike 1-1: Foul Ball, location: 2F 1-2: Strikes out swinging
|
Batting: RHB Marc Beck
|
0-0: Ball 1-0: Called Strike 1-1: Ball 2-1: Fly out, F7 (Flyball, 7)
|
Top of the 1st over - 1 run, 1 hit, 0 errors, 1 left on base; Pennsauken 1 - Tremont 0 |
BOTTOM OF THE 1ST |
Tremont Doubledays batting - Pitching for Pennsauken Flyers : LHP Mike Foltynewicz
|
Pitching: LHP Mike Foltynewicz
|
|
Batting: RHB Jesús Quintana
|
0-0: Foul Ball, location: 2F 0-1: Reached on error, E5 (Groundball, 56)
|
Batting: RHB Sheldon Deshotels
|
0-0: Called Strike 0-1: Swinging Strike 0-2: Ball 1-2: Ball 2-2: Ball 3-2: Base on Balls Jesús Quintana to second
|
Batting: RHB Alfredo Suárez
|
0-0: Fly out, F7 (Flyball, 78S)
|
Batting: RHB Sang Hong-Do
|
0-0: Ball Jesús Quintana steals 3rd base Sheldon Deshotels to second 1-0: Ball 2-0: Foul Ball, location: 2F 2-1: Foul Ball, location: 2F 2-2: DOUBLE (Line Drive, 78XD) Jesús Quintana scores Sheldon Deshotels scores
|
Batting: RHB Geoffrey Broekhuizen
|
0-0: Called Strike 0-1: Fly out, F3 (Popup, 3F)
|
Batting: RHB Andrés Gonzáles
|
0-0: Ball 1-0: Ball 2-0: Called Strike 2-1: Ball 3-1: Foul Ball, location: 2F 3-2: Base on Balls
|
Batting: RHB Arturo Morales
|
0-0: Ball 1-0: Called Strike 1-1: Foul Ball, location: 2F 1-2: Ball 2-2: Foul Ball, location: 2F 2-2: Strikes out swinging
|
Bottom of the 1st over - 2 runs, 1 hit, 1 error, 2 left on base; Pennsauken 1 - Tremont 2 |
TOP OF THE 2ND |
Pennsauken Flyers batting - Pitching for Tremont Doubledays : LHP Alejandro Ramos
|
Batting: LHB Javier Antonio
|
0-0: Foul Ball, location: 2F 0-1: Ball 1-1: Ball 2-1: Ball 3-1: Base on Balls
|
Batting: RHB Roy McFerran
|
0-0: Called Strike 0-1: Called Strike 0-2: Ball 1-2: Strikes out swinging
|
Batting: RHB Carlos Ávila
|
0-0: Called Strike 0-1: Ball 1-1: Swinging Strike 1-2: Foul Ball, location: 2F 1-2: Ball 2-2: Strikes out swinging
|
Batting: LHB Francisco Ortega
|
0-0: Foul Ball, location: 2F 0-1: Ball 1-1: SINGLE (Line Drive, 89S) Javier Antonio to second
|
Batting: RHB Patrick Eggen
|
0-0: Called Strike 0-1: Fly out, F4 (Popup, 4S)
|
Top of the 2nd over - 0 runs, 1 hit, 0 errors, 2 left on base; Pennsauken 1 - Tremont 2 |
BOTTOM OF THE 2ND |
Tremont Doubledays batting - Pitching for Pennsauken Flyers : LHP Mike Foltynewicz
|
Batting: RHB David Pérez
|
0-0: Ball 1-0: Swinging Strike 1-1: Swinging Strike 1-2: Ground out 4-3 (Groundball, 4MD)
|
Batting: RHB David Elías
|
0-0: Ball 1-0: Ball 2-0: Foul Ball, location: 2F 2-1: SINGLE (Groundball, 56D)
|
Batting: RHB Jesús Quintana
|
0-0: Called Strike 0-1: SINGLE (Line Drive, 4MD) David Elías to second
|
Batting: RHB Sheldon Deshotels
|
0-0: Ball 1-0: Called Strike 1-1: Foul Ball, location: 2F 1-2: Strikes out swinging
|
Batting: RHB Alfredo Suárez
|
0-0: Called Strike 0-1: Fielders Choice at 2nd, 6-4 (Groundball, 6)
|
Bottom of the 2nd over - 0 runs, 2 hits, 0 errors, 2 left on base; Pennsauken 1 - Tremont 2 |
TOP OF THE 3RD |
Pennsauken Flyers batting - Pitching for Tremont Doubledays : LHP Alejandro Ramos
|
Batting: RHB Stephen Johnson
|
0-0: Fly out, F7 (Flyball, 7LSF)
|
Batting: SHB Nuygen Vuong
|
0-0: Called Strike 0-1: Ball 1-1: Ball 2-1: Ball 3-1: Base on Balls
|
Batting: RHB Artie Miller
|
0-0: Called Strike 0-1: Ball 1-1: Ball 2-1: Called Strike 2-2: Strikes out swinging
|
Batting: RHB Marc Beck
|
0-0: Called Strike 0-1: Foul Ball, location: 2F 0-2: Fly out, F9 (Flyball, 9)
|
Top of the 3rd over - 0 runs, 0 hits, 0 errors, 1 left on base; Pennsauken 1 - Tremont 2 |
BOTTOM OF THE 3RD |
Tremont Doubledays batting - Pitching for Pennsauken Flyers : LHP Mike Foltynewicz
|
Batting: RHB Sang Hong-Do
|
0-0: Swinging Strike 0-1: Fly out, F7 (Flyball, 7LS)
|
Batting: RHB Geoffrey Broekhuizen
|
0-0: Ground out 6-3 (Groundball, 6)
|
Batting: RHB Andrés Gonzáles
|
0-0: Ball 1-0: Foul Ball, location: 2F 1-1: Ball 2-1: Foul Ball, location: 2F 2-2: Ball 3-2: Base on Balls
|
Batting: RHB Arturo Morales
|
0-0: Fly out, F8 (Flyball, 8LM)
|
Bottom of the 3rd over - 0 runs, 0 hits, 0 errors, 1 left on base; Pennsauken 1 - Tremont 2 |
TOP OF THE 4TH |
Pennsauken Flyers batting - Pitching for Tremont Doubledays : LHP Alejandro Ramos
|
Batting: LHB Javier Antonio
|
0-0: Foul Ball, location: 2F 0-1: Foul Ball, location: 2F 0-2: Ball 1-2: Strikes out swinging
|
Batting: RHB Roy McFerran
|
0-0: Ball 1-0: Foul Ball, location: 2F 1-1: Ball 2-1: Called Strike 2-2: SINGLE (Line Drive, 8LS)
|
Batting: RHB Carlos Ávila
|
0-0: Ball 1-0: Ball 2-0: Ball 3-0: Base on Balls Roy McFerran to second
|
Batting: LHB Francisco Ortega
|
0-0: Foul Ball, location: 2F 0-1: Fly out, F1 (Line Drive, 15)
|
Batting: RHB Patrick Eggen
|
0-0: Called Strike 0-1: Ball 1-1: Swinging Strike 1-2: Foul Ball, location: 2F 1-2: Foul Ball, location: 2F 1-2: Strikes out looking
|
Top of the 4th over - 0 runs, 1 hit, 0 errors, 2 left on base; Pennsauken 1 - Tremont 2 |
BOTTOM OF THE 4TH |
Tremont Doubledays batting - Pitching for Pennsauken Flyers : LHP Mike Foltynewicz
|
Batting: RHB David Pérez
|
0-0: Called Strike 0-1: Ball 1-1: Swinging Strike 1-2: Ball 2-2: Foul Ball, location: 2F 2-2: Ball 3-2: Base on Balls
|
Batting: RHB David Elías
|
0-0: Called Strike 0-1: Ball 1-1: Ball 2-1: SINGLE (Flyball, 78S) David Pérez to second
|
Batting: RHB Jesús Quintana
|
0-0: Ball 1-0: SINGLE (Flyball, 9LS) David Pérez to third David Elías to second Runner from 3rd tries for Home, SAFE, no throw
|
Batting: RHB Sheldon Deshotels
|
0-0: Fly out, F8 (Flyball, 8RD)
|
Batting: RHB Alfredo Suárez
|
0-0: Called Strike 0-1: Fly out, F8 (Line Drive, 89D) Runner from 2nd tags up, OUT at 3rd
|
Bottom of the 4th over - 1 run, 2 hits, 0 errors, 1 left on base; Pennsauken 1 - Tremont 3 |
TOP OF THE 5TH |
Pennsauken Flyers batting - Pitching for Tremont Doubledays : LHP Alejandro Ramos
|
Batting: RHB Stephen Johnson
|
0-0: Ball 1-0: Ball 2-0: Ball 3-0: Base on Balls
|
Batting: SHB Nuygen Vuong
|
0-0: SINGLE (Line Drive, 5) Stephen Johnson to second
|
Batting: RHB Artie Miller
|
0-0: Called Strike 0-1: Foul Ball, location: 2F 0-2: Ball 1-2: Foul Ball, location: 2F 1-2: Foul Ball, location: 2F 1-2: Ball 2-2: Foul Ball, location: 2F 2-2: Ball 3-2: Fly out, F9 (Flyball, 89S)
|
Batting: RHB Marc Beck
|
0-0: Ball 1-0: Swinging Strike 1-1: Foul Ball, location: 2F 1-2: Strikes out looking
|
Batting: LHB Javier Antonio
|
0-0: SINGLE (Groundball, 4MD) Stephen Johnson to third Nuygen Vuong to second Runner from 3rd tries for Home, SAFE, no throw
|
Batting: RHB Roy McFerran
|
0-0: Ground out 6-3 (Groundball, 6S)
|
Top of the 5th over - 1 run, 2 hits, 0 errors, 2 left on base; Pennsauken 2 - Tremont 3 |
BOTTOM OF THE 5TH |
Tremont Doubledays batting - Pitching for Pennsauken Flyers : LHP Mike Foltynewicz
|
Batting: RHB Sang Hong-Do
|
0-0: Ball 1-0: Foul Ball, location: 2F 1-1: SINGLE (Groundball, 4MD)
|
Batting: RHB Geoffrey Broekhuizen
|
0-0: Called Strike 0-1: Foul Ball, location: 2F 0-2: Ball 1-2: Grounds into double play, 5-4-3 (Groundball, 5L)
|
Batting: RHB Andrés Gonzáles
|
0-0: Ball 1-0: Ball 2-0: Foul Ball, location: 2F 2-1: Ball 3-1: Swinging Strike 3-2: Foul Ball, location: 2F 3-2: Foul Ball, location: 2F 3-2: Base on Balls
|
Batting: RHB Arturo Morales
|
0-0: Ball Andrés Gonzáles is caught stealing 2nd base
|
Bottom of the 5th over - 0 runs, 1 hit, 0 errors, 0 left on base; Pennsauken 2 - Tremont 3 |
TOP OF THE 6TH |
Pennsauken Flyers batting - Pitching for Tremont Doubledays : LHP Alejandro Ramos
|
Batting: RHB Carlos Ávila
|
0-0: Ball 1-0: Fly out, F6 (Line Drive, 6)
|
Batting: LHB Francisco Ortega
|
0-0: Swinging Strike 0-1: Called Strike 0-2: Ball 1-2: Strikes out swinging
|
Batting: RHB Patrick Eggen
|
0-0: Called Strike 0-1: Called Strike 0-2: Ball 1-2: Strikes out swinging
|
Top of the 6th over - 0 runs, 0 hits, 0 errors, 0 left on base; Pennsauken 2 - Tremont 3 |
BOTTOM OF THE 6TH |
Tremont Doubledays batting - Pitching for Pennsauken Flyers : LHP Mike Foltynewicz
|
Batting: RHB Arturo Morales
|
0-0: SINGLE (Groundball, 6D)
|
Batting: RHB David Pérez
|
0-0: Bunt - Flyout! F1
|
Batting: RHB David Elías
|
0-0: Ball 1-0: Ball 2-0: Called Strike 2-1: Fly out, F8 (Flyball, 8LD)
|
Batting: RHB Jesús Quintana
|
0-0: Called Strike 0-1: Foul Ball, location: 2F 0-2: Hit by Pitch Arturo Morales to second
|
Batting: RHB Sheldon Deshotels
|
0-0: Swinging Strike 0-1: Ball 1-1: Called Strike 1-2: Foul Ball, location: 2F 1-2: Ball 2-2: Ball 3-2: Ground out U3 (Groundball, 34)
|
Bottom of the 6th over - 0 runs, 1 hit, 0 errors, 2 left on base; Pennsauken 2 - Tremont 3 |
TOP OF THE 7TH |
Pennsauken Flyers batting - Pitching for Tremont Doubledays : LHP Alejandro Ramos
|
Batting: RHB Stephen Johnson
|
0-0: Called Strike 0-1: Called Strike 0-2: Foul Ball, location: 2F 0-2: Ball 1-2: Ball 2-2: Fly out, F9 (Flyball, 89S)
|
Batting: SHB Nuygen Vuong
|
0-0: Called Strike 0-1: Ball 1-1: Ball 2-1: Ball 3-1: Swinging Strike 3-2: Base on Balls
|
Batting: RHB Artie Miller
|
0-0: Foul Ball, location: 2F 0-1: Fly out, F8 (Flyball, 8RM)
|
Pitching: LHP Denis Melis
|
|
Batting: RHB Marc Beck
|
0-0: Called Strike 0-1: Ball 1-1: Ball 2-1: Ground out 3-1 (Groundball, 34)
|
Top of the 7th over - 0 runs, 0 hits, 0 errors, 1 left on base; Pennsauken 2 - Tremont 3 |
BOTTOM OF THE 7TH |
Tremont Doubledays batting - Pitching for Pennsauken Flyers : LHP Mike Foltynewicz
|
Batting: RHB Alfredo Suárez
|
0-0: Ball 1-0: Called Strike 1-1: Ball 2-1: Foul Ball, location: 2F 2-2: Strikes out swinging
|
Batting: RHB Sang Hong-Do
|
0-0: Ball 1-0: Ball 2-0: SINGLE (Groundball, 34D)
|
Batting: RHB Geoffrey Broekhuizen
|
0-0: Ball 1-0: Foul Ball, location: 2F 1-1: Fly out, F8 (Flyball, 8LM)
|
Batting: RHB Andrés Gonzáles
|
0-0: Ball 1-0: 2-RUN HOME RUN (Flyball, 7LD), Distance : 349 ft
|
Batting: RHB Arturo Morales
|
0-0: Reached on error, E2 (Groundball, 15S)
|
Pitching: RHP Manny Hernández
|
|
Batting: RHB David Pérez
|
0-0: Ball 1-0: Ball 2-0: Fly out, F6 (Line Drive, 6)
|
Bottom of the 7th over - 2 runs, 2 hits, 1 error, 1 left on base; Pennsauken 2 - Tremont 5 |
TOP OF THE 8TH |
Pennsauken Flyers batting - Pitching for Tremont Doubledays : LHP Denis Melis
|
Batting: LHB Javier Antonio
|
0-0: Ball 1-0: Foul Ball, location: 2F 1-1: Ball 2-1: SINGLE (Flyball, 7S)
|
Batting: RHB Roy McFerran
|
0-0: Called Strike 0-1: SINGLE (Groundball, 5L) (infield hit) Javier Antonio to second
|
Batting: RHB Carlos Ávila
|
0-0: Ball 1-0: Fly out, F9 (Flyball, 9)
|
Batting: LHB Francisco Ortega
|
0-0: Fly out, F9 (Line Drive, 9)
|
Batting: RHB Patrick Eggen
|
0-0: Swinging Strike 0-1: Ball 1-1: Ball 2-1: Ball 3-1: Fly out, F7 (Flyball, 7S)
|
Top of the 8th over - 0 runs, 2 hits, 0 errors, 2 left on base; Pennsauken 2 - Tremont 5 |
BOTTOM OF THE 8TH |
Tremont Doubledays batting - Pitching for Pennsauken Flyers : RHP Manny Hernández
|
Batting: RHB David Elías
|
0-0: Called Strike 0-1: Swinging Strike 0-2: Ball 1-2: Fly out, F7 (Flyball, 7)
|
Batting: RHB Jesús Quintana
|
0-0: Called Strike 0-1: SINGLE (Groundball, 4MD)
|
Batting: RHB Sheldon Deshotels
|
0-0: Foul Ball, location: 2F 0-1: Fielders Choice at 2nd, 5-4 (Groundball, 56)
|
Batting: RHB Alfredo Suárez
|
0-0: Called Strike Sheldon Deshotels steals 2nd base 0-1: Swinging Strike 0-2: Ground out 4-3 (Groundball, 4MS)
|
Bottom of the 8th over - 0 runs, 1 hit, 0 errors, 1 left on base; Pennsauken 2 - Tremont 5 |
TOP OF THE 9TH |
Pennsauken Flyers batting - Pitching for Tremont Doubledays : LHP Denis Melis
|
Pitching: LHP Powell Beauregard
|
|
Batting: RHB Stephen Johnson
|
0-0: Called Strike 0-1: Ball 1-1: Foul Ball, location: 2F 1-2: Strikes out swinging
|
Batting: SHB Nuygen Vuong
|
0-0: Swinging Strike 0-1: Ball 1-1: Ball 2-1: Ball 3-1: Ground out 6-3 (Groundball, 6M)
|
Batting: RHB Artie Miller
|
0-0: Called Strike 0-1: Foul Ball, location: 2F 0-2: Ball 1-2: Strikes out swinging
|
Top of the 9th over - 0 runs, 0 hits, 0 errors, 0 left on base; Pennsauken 2 - Tremont 5 |
|